 Dungeon Crawl Stone Soup version 0.31-a0-237-g2d982f9f85 (webtiles) character file.

Game seed: 6686580575292968767

0 qw the Vexing (level 1, -1/12 HPs)
             Began as a Gargoyle Hexslinger on July 10, 2023.
             Slain by a worm (4 damage)
             ... on level 1 of the Dungeon.
             The game lasted 00:00:01 (101 turns).

qw the Vexing (Gargoyle Hexslinger)                  Turns: 101, Time: 00:00:01

Health: -1/12      AC:  4    Str: 11    XL:     1   Next: 10%
Magic:  2/2        EV: 12    Int: 13    God:
Gold:   13         SH:  0    Dex: 12    Spells: 1/2 levels left

rFire   . . .        a - +1 sling
rCold   . . .        (no shield)
rNeg    + . .        c - +0 robe
rPois   inf          (no helmet)
rElec   +            (no cloak)
rCorr   .            (no gloves)
SInv    .            (no boots)
Will    .....        (no amulet)
Stlth   +            (no ring)
HPRegen 0.22/turn    (no ring)
MPRegen 0.08/turn

%: no passive effects
@: no status effects
A: sickness immunity, AC +2, negative energy resistance 1, electricity
resistance, torment resistance 1, petrification resistance
a: no special abilities


You were on level 1 of the Dungeon.
You visited 1 branch of the dungeon, and saw 1 of its levels.

You collected 13 gold pieces.


Innate Abilities, Weirdness & Mutations

You are immune to sickness and miasma.
Your stone body is resilient. (AC +2)
You are immune to poison.
You resist negative energy. (rN+)
You are resistant to electric shocks. (rElec)
You are resistant to unholy torment.
You are immune to petrification.


   Skills:
 - Level 1.1 Fighting
 + Level 2.0 Ranged Weapons
 - Level 1.5 Dodging
 - Level 1.0 Spellcasting
 - Level 2.6 Hexes


You had one spell level left.
You knew the following spells:

 Your Spells              Type           Power      Damage    Failure   Level
a - Slow                  Hex            28%        N/A       10%         1

Your spell library contained the following spells:

 Spells                   Type           Power      Damage    Failure   Level
 Inner Flame              Hex/Fire       4%         N/A       43%         3
 Portal Projectile        Hex/Tloc       8%         N/A       43%         3
 Cause Fear               Hex            3%         N/A       67%         4

Inventory:

Hand Weapons
 a - a +1 sling (weapon)
Armour
 c - a +0 robe (worn)
Scrolls
 b - a scroll of poison
Potions
 d - a potion of lignification {unknown}

Dungeon Overview and Level Annotations

Branches:
Dungeon (1/15)

Altars:


Message History

A smirking vizier told you that the Orb of Zot is just within this dungeon.
Press ? for a list of commands and other information.
Found 13 gold pieces.
Found a staircase leading out of the dungeon.
Waypoint 0 assigned to D:1.
0 ||| PLANNING D:1-11 You now have 13 gold pieces.
d - a sedimented white potion A worm comes into view.
You shoot a sling bullet. The sling bullet hits the worm.
The worm is lightly wounded.
You hear an angry hiss.
A ball python comes into view.
A bat comes into view.
You shoot a sling bullet. The sling bullet misses the bat.
The bat barely misses you.
You shoot a sling bullet. The sling bullet barely misses the bat.
The bat hits you but does no damage. The ball python closely misses you. x2
You shoot a sling bullet.
The sling bullet barely misses the ball python.
The bat hits you but does no damage. The ball python barely misses you. x3
The ball python closely misses you.
You shoot a sling bullet.
The sling bullet barely misses the worm.
The ball python bites you but does no damage.
The ball python grabs you. The ball python constricts you. The worm bites you.
You shoot a sling bullet. The sling bullet hits the ball python!
You kill the ball python!
The worm closely misses you.
You shoot a sling bullet. The sling bullet hits the worm.
The worm is lightly wounded.
You shoot a sling bullet.
The sling bullet barely misses the worm.
The worm bites you.
You shoot a sling bullet.
The sling bullet barely misses the worm.
The worm bites you.
You shoot a sling bullet. The sling bullet hits the worm.
The worm is lightly wounded.
The worm bites you.
You die...

#.#...#.#
#.#####.#
#...# #.#
###.###.#
#.....# # #
###.###
.#.# #.#
.....
#.###......
#..@.......
####w#####.
... ....#
..^..#
.^...#
^.....#
..^...#


You could see a worm.

Vanquished Creatures
  A ball python (D:1)
1 creature vanquished.

Notes
Turn   | Place    | Note
-------+----------+-------------------------------------------
     0 | D:1      | qw the Gargoyle Hexslinger began the quest for the Orb.
     0 | D:1      | Reached XP level 1. HP: 12/12 MP: 2/2
     0 | D:1      | 0 ||| qw: Version: 0.3-a-52-g30416fa
     0 | D:1      | 0 ||| qw: Game counter: 5104
     0 | D:1      | 0 ||| qw: Melee chars always use a shield: true
     0 | D:1      | 0 ||| qw: God list: Okawaru
     0 | D:1      | 0 ||| qw: Allow faded altars: false
     0 | D:1      | 0 ||| qw: Do Orc after clearing Dungeon:15 true
     0 | D:1      | 0 ||| qw: Do second Lair branch before Depths: true
     0 | D:1      | 0 ||| qw: Lair rune preference: random
     0 | D:1      | 0 ||| qw: Goals: Normal
     0 | D:1      | 0 ||| PLANNING D:1-11
   100 | D:1      | HP: 2/12 [worm (2)]
   101 | D:1      | Slain by a worm

Levels and vault maps discovered:
D:1:      elethiomel_arrival_maze, layout_rooms, columned_hall_lemuel,
          nicolae_wormholes

Action                     || total
---------------------------++-------
   Fire: Sling             ||    10
 Armour: Robe              ||     3
  Dodge: Dodged            ||     8

Table legend:
 A = Non-vault XP
 B = Vault XP
 C = Vault XP percentage of total XP
 D = Non-vault monster count
 E = Vault monster count
 F = Vault count percentage of total count
                 A         B        C        D         E       F
            +---------+---------+-------+---------+---------+-------
      Total |       1 |       0 |   0.0 |       1 |       0 |   0.0
            +---------+---------+-------+---------+---------+-------
        D:1 |       1 |       0 |   0.0 |       1 |       0 |   0.0
            +---------+---------+-------+---------+---------+-------
